[Event "Cabo Verde Open 2022"]
[Site "Mindelo-S. Vicente"]
[Date "2022.04.30"]
[Round "8.8"]
[White "Pereira, Eder Marcio"]
[Black "Rodriguez Guevara, Celia M."]
[Result "0-1"]
[ECO "B13"]
[WhiteElo "1728"]
[BlackElo "1849"]
[Annotator "NA RC COMBH"]
[PlyCount "93"]
[EventDate "2022.04.22"]
[EventType "swiss"]
[SourceTitle "playchess.com"]
[Source "ChessBase"]
[SourceQuality "1"]
[TimeControl "40/5400+30:1800+30"]

1. d4 d5 2. Bf4 c5 3. e3 cxd4 4. exd4 Nc6 5. Nf3 Nf6 6. c3 Bf5 7. Bd3 Bxd3 8. Qxd3 e6 9. O-O Be7 10. h3 O-O 11. Nbd2 Rc8 12. Rae1 a6 13. a4 Nh5 14. Bh2 Bd6 15. Bxd6 Qxd6 16. Ng5 Nf6 17. Ngf3 Na5 18. Ne5 Qb6 19. b4 Nc6 20. f4 Ne7 21. g4 Qc7 22. Re3 g6 23. h4 h5 24. Rg3 Kh7 25. gxh5 Nxh5 26. Rg5 Nf5 27. Qe2 Nhg3 28. Qg4 Rg8 29. Rf3 Nh5 30. Kf2 Nf6 31. Qh3 Nh5 32. Rg4 Rg7 33. Nb3 b6 34. Qf1 a5 35. bxa5 bxa5 36. Nc5 Rb8 37. Qc1 Qb6 38. Ned3 Nf6 39. Kg1 Nxg4 40. Nd7 Qb1 41. Nxb8 Qxb8 42. Kg2 Qb3 43. Kh3 Nf6 44. Nc5 Qa2 45. Qf1 Ne4 46. Qb5 Qa1 47. Qf1 0-1